 Dungeon Crawl Stone Soup version 0.32-a0-876-gcfddb08 (webtiles) character file.

Game seed: 4046947114670945032

100662 rotlqkf the Cloud Mage (level 16, -2/76 HPs)
             Began as a Tengu Air Elementalist on Apr 1, 2024.
             Was a High Priest of Sif Muna.
             Slain by a +1 glaive of protection (22 damage)
             ... on level 1 of the Elven Halls.
             The game lasted 01:02:31 (26502 turns).

rotlqkf the Cloud Mage (Tengu Air Elementalist)    Turns: 26502, Time: 01:02:31

Health: -2/76      AC: 10    Str:  4    XL:     16   Next: 28%
Magic:  14/37      EV: 36    Int: 22    God:    Sif Muna [*****.]
Gold:   1312       SH:  0    Dex: 16    Spells: 21/47 levels left

rFire   + + .        C - staff of fire
rCold   + + .        (no shield)
rNeg    . . .        T - +3 troll leather armour {Snorg}
rPois   .            y - +2 hat "Vyess" {rC+ Will+ Str-5 SInv Stlth+}
rElec   .            F - scarf {rC+ rF+}
rCorr   .            N - +1 pair of gloves
SInv    +            (boots unavailable)
Will    ++...        w - amulet of magic regeneration
Stlth   +++          L - ring of see invisible
HPRegen 1.12/turn    P - +5 ring of evasion
MPRegen 0.65/turn

%: acrobat
@: acrobatic, flying, very slightly contaminated
A: beak, talons 3, evasive flight, acrobatic
a: Renounce Religion, Channel Magic, Forget Spell, Divine Exegesis


You were on level 1 of the Elven Halls.
You worshipped Sif Muna.
Sif Muna was extremely pleased with you.
You visited 6 branches of the dungeon, and saw 25 of its levels.

You collected 2894 gold pieces.
You spent 1582 gold pieces at shops.

Inventory:

Hand Weapons
 a - a +2 hand axe of electrocution
 p - a +0 dagger of speed
Armour
 y - the +2 hat "Vyess" (worn) {rC+ Will+ Str-5 SInv Stlth+}
   (You acquired it on level 11 of the Dungeon)

   Str-5:     It affects your strength (-5).
   rC+:       It protects you from cold.
   Will+:     It increases your willpower.
   SInv:      It lets you see invisible.
   Stlth+:    It makes you more stealthy.
 F - a scarf of resistance (worn)
 N - a +1 pair of gloves (worn)
 T - a +3 troll leather armour (worn) {Snorg}
Magical Staves
 C - a staff of fire (weapon)
 U - a staff of conjuration
Jewellery
 w - an amulet of magic regeneration (around neck)
 A - a ring of positive energy
 L - a ring of see invisible (left hand)
 P - a +5 ring of evasion (right hand)
 R - a ring of fire
Wands
 s - a wand of polymorph (7)
 x - a wand of mindburst (9)
 D - a wand of flame (30)
 J - a wand of paralysis (14)
 O - a wand of iceblast (5)
Scrolls
 c - 15 scrolls of teleportation
 d - 2 scrolls of brand weapon
 g - 3 scrolls of poison
 i - 3 scrolls of noise
 k - 4 scrolls of enchant weapon {unknown}
 m - 3 scrolls of vulnerability {unknown}
 n - 5 scrolls of immolation
 q - 4 scrolls of torment {unknown}
 t - 2 scrolls of identify
 G - 3 scrolls of blinking {unknown}
 H - a scroll of silence
 K - 2 scrolls of fear
 M - 4 scrolls of amnesia {unknown}
 S - 3 scrolls of revelation {unknown}
 W - a scroll of enchant armour {unknown}
Potions
 b - 2 potions of magic
 e - 6 potions of curing
 h - 4 potions of enlightenment
 j - 4 potions of haste
 l - 3 potions of heal wounds
 o - 6 potions of brilliance
 r - a potion of cancellation
 u - a potion of lignification {unknown}
 v - a potion of invisibility {unknown}
 z - 2 potions of attraction
 B - 3 potions of ambrosia
 E - 4 potions of resistance {unknown}
 I - 6 potions of mutation {unknown}
 Q - 2 potions of might {unknown}
Miscellaneous
 V - a phantom mirror (inert)


   Skills:
 - Level 6.0 Dodging
 - Level 2.0 Stealth
 - Level 16.0 Spellcasting
 + Level 15.5 Conjurations
 - Level 10.0 Fire Magic
 + Level 21.7 Air Magic


You had 21 spell levels left.
You knew the following spells:

 Your Spells              Type           Power      Damage    Failure   Level
a - Shock                 Conj/Air       100%       1d9       0%          1
b - Static Discharge      Conj/Air       100%       3-8/arc   0%          2
c - Airstrike             Air            42%        2d(7-23)  0%          4
d - Fulminant Prism       Conj/Alch      25%        3d13      2%          4
e - Iskenderun's Mystic   Conj/Tloc      51%        2d11      (+2d62%     4
f - Plasma Beam           Fire/Air       46%        2x1d60    1%          6
g - Arcjolt               Conj/Air       39%        1d49      1%          5

Your spell library contained the following spells:

 Spells                   Type           Power      Damage    Failure   Level
 Swiftness                Air            85%        N/A       0%          3
 Sting                    Conj/Alch      100%       1d9       1%          1
 Cigotuvi's Dreadful Rot  Necr/Alch/Air  98%        N/A       1%          2
 Mercury Vapours          Alch/Air       100%       N/A       1%          2
 Scorch                   Fire           100%       2d9       1%          2
 Dazzling Flash           Conj/Hex       100%       N/A       1%          3
 Mephitic Cloud           Conj/Alch/Air  64%        N/A       1%          3
 Flame Wave               Conj/Fire      84%        2d18      1%          4
 Vhi's Electric Charge    Tloc/Air       100%       N/A       1%          4
 Fireball                 Conj/Fire      42%        3d17      1%          5
 Freezing Cloud           Conj/Ice/Air   32%        6-21      1%          5
 Conjure Ball Lightning   Conj/Air       39%        3x3d13    1%          6
 Volatile Blastmotes      Fire/Tloc      100%       2d18      2%          3
 Starburst                Conj/Fire      42%        6d12      4%          6
 Ignite Poison            Fire/Alch      56%        N/A       8%          4
 Ensorcelled Hibernation  Hex/Ice        34%        N/A       9%          2
 Frozen Ramparts          Ice            34%        1d6       17%         3
 Ozocubu's Armour         Ice            17%        N/A       17%         3
 Passwall                 Erth           17%        N/A       17%         3
 Summon Ice Beast         Ice/Summ       17%        N/A       17%         3
 Bombard                  Conj/Erth      25%        9d5       36%         6
 Olgreb's Toxic Radiance  Alch           17%        N/A       50%         4
 Metabolic Englaciation   Hex/Ice        8%         N/A       85%         5
 Summon Mana Viper        Hex/Summ       17%        N/A       85%         5
 Chain Lightning          Conj/Air       39%        3d52      96%         9
 Death Channel            Necr           8%         N/A       100%        6
 Dispersal                Tloc           8%         N/A       100%        6
 Eringya's Noxious Bog    Alch           8%         4d6       100%        6
 Gell's Gavotte           Tloc           8%         2d(15-22) 100%        6
 Manifold Assault         Tloc           8%         N/A       100%        7
 Monstrous Menagerie      Summ           8%         N/A       100%        7
 Lehudib's Crystal Spear  Conj/Erth      25%        10d7      100%        8
 Fire Storm               Conj/Fire      42%        8d11      100%        9
 Shatter                  Erth           8%         3d10*     100%        9


Dungeon Overview and Level Annotations

Branches:
Dungeon (15/15)            Temple (1/1) D:5            Lair (5/5) D:8
  Swamp (1/4) Lair:2        Snake (0/4) Lair:2        Slime (0/5) Lair:5
    Orc (2/2) D:10            Elf (1/3) Orc:2        Vaults (0/5) D:14
 Depths (0/4) D:15

Altars:
Ashenzari
Cheibriados
Dithmenos
Elyvilon
Fedhas
Gozag
Hepliaklqana
Kikubaaqudgha
Makhleb
Nemelex Xobeh
Okawaru
Qazlal
Ru
Sif Muna
Trog
Uskayaw
Vehumet
Wu Jian
Xom
Yredelemnul
Zin
The Shining One
Jiyva

Shops:
D:4 (   D:11 *::[(   D:14 [   D:15 *   Orc:2 ([?:[

Annotations:
D:15 1 runed translucent door, Ytoxtayn's ghost, adept CoBe


Innate Abilities, Weirdness & Mutations

You have a beak for a mouth.
You have claws for feet.
Your magical flight helps you evade attacks. (EV +4)
You can magically evade attacks while moving or waiting.


Message History

Confirm with . or Enter, or press ? or * to list all spells.
Aiming: Fulminant Prism (dangerous; 2% risk of failure)
Press: ? - help, Dir - move target You conjure a prism of explosive energy!
A fulminant prism comes into view.
Something hits your fulminant prism!!
Your fulminant prism detonates feebly.
The +1 glaive of protection completely misses you.
Things that are here:
a +0 long sword; an elf corpse The +1 glaive of protection attacks as it pursues you!
The +1 glaive of protection hits you but does no damage.
Casting: Fulminant Prism (dangerous; 2% risk of failure)
Confirm with . or Enter, or press ? or * to list all spells.
Aiming: Fulminant Prism (dangerous; 2% risk of failure)
Press: ? - help, Dir - move target You miscast Fulminant Prism.
You are very lightly contaminated with residual magic.
Nothing appears to happen.
The +1 glaive of protection hits you from afar!
The +1 glaive of protection hits you from afar!!
* * * LOW HITPOINT WARNING * * *
The +1 glaive of protection attacks as it pursues you!
The +1 glaive of protection barely misses you.
Okay, then.
The fire elemental completely misses you.
The +1 glaive of protection is engulfed in blazing flames.
The +1 glaive of protection closely misses you.
The +1 glaive of protection is engulfed in blazing flames.
The +1 glaive of protection attacks as it pursues you!
The +1 glaive of protection completely misses you.
The +1 glaive of protection is engulfed in blazing flames.
The +1 glaive of protection attacks as it pursues you!
The +1 glaive of protection barely misses you.
The fire elemental completely misses you.
The +1 glaive of protection is engulfed in blazing flames.
You see here a +3 heavy mace.
The +1 glaive of protection attacks as it pursues you!
The +1 glaive of protection hits you from afar!!
You die...

#.)......#.⌠...#..######§#
#...)....#......#○# #§#
#..[##..##...#)##(# #§#
#.[.#....#...####.# #§#
#.).#....#°..## #E# #§#
#...#....#○..#.##°# #§#
#.[.#.)..#E(.##.#°# #§#
#...#....#)..# #)e# #(#
#...##.)##@..# ##)# #e#
#...#...)....# #..# #E#
#.<.#.....(⌠.# #.#.# #°#
#...#........# #)##.# #○#
############## #)# ...e§#
#.# ..... ... .... ### ...


You could see a fire elemental (summoned) and a +1 glaive of protection.

Vanquished Creatures
  Jorgrun (D:15)
  An ironbound preserver (D:14)
  A very ugly thing (D:15)
  An eleionoma (Lair:2)
  A deep elf annihilator (Elf:1)
  Azrael (D:15)
  Snorg (Lair:4)
  An entropy weaver (D:14)
  A great orb of eyes (D:15)
  6 hydras
  3 boulder beetles
  2 dancing weapons (Elf:1)
  6 centaur warriors
  2 two-headed ogres
  5 tengu warriors
  Urug (Lair:4)
  3 orc high priests (Orc:2)
  4 deep elf knights (Elf:1)
  3 skeletal warriors (D:14)
  A skyshark (Lair:5)
  Lodul (D:13)
  A goliath frog (Lair:5)
  An arcanist (D:14)
  5 orc knights (Orc:2)
  9 deep elf pyromancers
  2 deep elf archers (Elf:1)
  An obsidian bat (Orc:1)
  3 deep elf zephyrmancers (Elf:1)
  10 ugly things (D:15)
  4 oklob plants
  5 cyclopes
  9 orc sorcerers
  2 manticores
  A will-o-the-wisp (Swamp:1)
  An eye of devastation (shapeshifter) (Elf:1)
  3 kobold blastminers (Orc:2)
  A water nymph (shapeshifter) (D:15)
  2 gargoyles
  2 black mambas
  2 unseen horrors
  23 cane toads
  An efreet (D:13)
  11 komodo dragons
  A hornet (D:9)
  2 polar bears (Lair:2)
  5 trolls
  2 tyrant leeches (Lair:5)
  A raiju (shapeshifter) (D:13)
  37 blink frogs
  An air elemental (Elf:1)
  14 slime creatures
  A spriggan (Lair:2)
  A centaur simulacrum (D:15)
  A vampire (D:12)
  A spriggan (shapeshifter) (D:12)
  A wraith (D:11)
  51 yaks
  A yak (shapeshifter) (D:14)
  A water elemental (D:15)
  3 basilisks
  6 fire elementals
  6 wyverns
  2 wargs (Orc:2)
  2 steam dragons (D:8)
  12 vampire mosquitoes
  Menkaure (D:4)
  4 nagas (Lair:2)
  2 hell hounds (D:15)
  An acid dragon (D:12)
  An acid dragon (shapeshifter) (D:14)
  16 water moccasins
  4 black bears
  16 orc warriors
  3 ice beasts
  A sky beast (D:7)
  11 ogres
  21 centaurs
  19 wolves
  2 phantoms
  12 bullfrogs
  A kobold brigand (D:7)
  An earth elemental (Elf:1)
  3 scorpions (D:6)
  A gnoll sergeant (D:9)
  16 wights
  11 killer bees
  A howler monkey (D:11)
  3 electric eels
  A lava snake (D:9)
  16 orc priests
  6 bombardier beetles
  A jelly (D:6)
  6 hounds
  2 sleepcaps
  3 iguanas
  21 orc wizards
  6 hell rats (Lair:3)
  7 gnolls
  5 adders
  A shadow imp (D:6)
  4 white imps
  6 ufetubi
  3 dart slugs
  A ribbon worm (D:4)
  63 orcs
  3 ball pythons
  8 endoplasms
  3 giant cockroaches
  6 goblins
  8 hobgoblins
  6 jackals (D:4)
  6 quokkas
  8 bats
  3 frilled lizards
  8 kobolds
  4 rats
663 creatures vanquished.

Vanquished Creatures (collateral kills)
  A fire elemental (D:15)
1 creature vanquished.

Vanquished Creatures (others)
  45 fulminant prisms
45 creatures vanquished.

Grand Total: 709 creatures vanquished

Notes
Turn   | Place    | Note
-------+----------+-------------------------------------------
     0 | D:1      | rotlqkf the Tengu Air Elementalist began the quest for the
                  | Orb.
     0 | D:1      | Reached XP level 1. HP: 10/10 MP: 4/4
   229 | D:1      | Reached XP level 2. HP: 15/15 MP: 1/6
   232 | D:1      | Learned a level 2 spell: Static Discharge
   939 | D:1      | Reached XP level 3. HP: 14/19 MP: 3/7
  2725 | D:3      | Reached XP level 4. HP: 24/24 MP: 7/9
  2730 | D:3      | Learned a level 4 spell: Airstrike
  3327 | D:4      | Noticed Menkaure
  3395 | D:4      | Reached XP level 5. HP: 23/28 MP: 4/11
  3745 | D:4      | Reached skill level 5 in Air Magic
  3969 | D:4      | Reached XP level 6. HP: 32/32 MP: 4/13
  4123 | D:4      | Killed Menkaure
  4124 | D:4      | Reached skill level 6 in Air Magic
  4201 | D:4      | Found Gemiofog's Weapon Shoppe.
  4332 | D:5      | Entered Level 5 of the Dungeon
  4428 | D:5      | Noticed an ice beast
  4431 | D:5      | Killed an ice beast
  4432 | D:5      | Reached skill level 5 in Spellcasting
  4432 | D:5      | Reached skill level 7 in Air Magic
  4432 | D:5      | Gained mutation: Your magical flight helps you evade
                  | attacks. (EV +4) [Tengu growth]
  4432 | D:5      | Reached XP level 7. HP: 36/36 MP: 5/15
  4772 | D:5      | Reached skill level 8 in Air Magic
  5089 | D:5      | Found a staircase to the Ecumenical Temple.
  5108 | D:5      | Reached skill level 9 in Air Magic
  5125 | Temple   | Entered the Ecumenical Temple
  5132 | Temple   | Became a worshipper of Sif Muna the Loreminder
  5869 | D:6      | Reached XP level 8. HP: 41/41 MP: 14/16
  5912 | D:6      | Reached skill level 10 in Air Magic
  6009 | D:6      | Reached skill level 11 in Air Magic
  6066 | D:6      | Found a bloodstained altar of Trog.
  6084 | D:6      | Reached skill level 12 in Air Magic
  6260 | D:6      | Reached * piety under Sif Muna
  6261 | D:6      | Reached XP level 9. HP: 43/45 MP: 13/18
  6855 | D:7      | Reached skill level 13 in Air Magic
  6963 | D:7      | Found a shadowy altar of Dithmenos.
  6992 | D:7      | HP: 2/45 [ogre/+0 giant club (20)]
  7651 | D:7      | Found an opulent altar of Gozag.
  7652 | D:7      | Found a sparkling altar of Nemelex Xobeh.
  7720 | D:8      | Reached ** piety under Sif Muna
  8289 | D:8      | Reached skill level 14 in Air Magic
  8356 | D:8      | Noticed a komodo dragon
  8359 | D:8      | Killed a komodo dragon
  8389 | D:8      | Reached XP level 10. HP: 50/50 MP: 14/22
  8426 | D:8      | Found a staircase to the Lair.
  8596 | D:8      | Reached skill level 15 in Air Magic
  9482 | D:9      | Found a snail-covered altar of Cheibriados.
  9514 | D:9      | Reached skill level 16 in Air Magic
  9524 | D:9      | Found a hide-covered altar of Uskayaw.
  9546 | D:9      | Found a glowing golden altar of the Shining One.
 10133 | D:10     | Entered Level 10 of the Dungeon
 10133 | D:10     | Noticed a cyclops
 10138 | D:10     | Killed a cyclops
 10139 | D:10     | Reached XP level 11. HP: 54/54 MP: 7/25
 10141 | D:10     | Reached *** piety under Sif Muna
 10258 | D:10     | Reached skill level 10 in Spellcasting
 10393 | D:10     | Reached skill level 17 in Air Magic
 10454 | D:10     | Found a staircase to the Orcish Mines.
 10461 | D:10     | Noticed a two-headed ogre
 10470 | D:10     | Killed a two-headed ogre
 10720 | D:10     | Found a burning altar of Makhleb.
 10830 | D:11     | Found Nelaed's Antique Weapon Boutique.
 11002 | D:11     | Found Rafalei's Book Boutique.
 11006 | D:11     | Found Hiqelepe's Book Boutique.
 11043 | D:11     | Learned a level 4 spell: Fulminant Prism
 11156 | D:11     | Found Pathekk's Antique Armour Shop.
 11455 | Lair:1   | Entered Level 1 of the Lair of Beasts
 11621 | Lair:1   | Reached skill level 5 in Conjurations
 11852 | Lair:1   | Reached **** piety under Sif Muna
 12175 | Lair:1   | Reached skill level 18 in Air Magic
 12347 | Lair:1   | Reached XP level 12. HP: 59/59 MP: 8/28
 12682 | Lair:2   | Found a staircase to the Snake Pit.
 13262 | Lair:2   | Noticed an eleionoma
 13270 | Lair:2   | Killed an eleionoma
 13306 | Lair:2   | Found a staircase to the Swamp.
 13350 | Lair:2   | Reached skill level 10 in Conjurations
 13686 | Lair:1   | Learned a level 4 spell: Iskenderun's Mystic Blast
 14347 | Lair:3   | Reached ***** piety under Sif Muna
 14356 | Lair:3   | Reached XP level 13. HP: 63/63 MP: 6/30
 15717 | Lair:4   | Noticed Snorg
 15722 | Lair:4   | Killed Snorg
 15722 | Lair:4   | Received a gift from Sif Muna
 15960 | Lair:4   | Noticed Urug
 15963 | Lair:4   | Killed Urug
 16329 | Lair:5   | Entered Level 5 of the Lair of Beasts
 16465 | Lair:5   | Reached skill level 15 in Spellcasting
 16987 | Lair:5   | Reached XP level 14. HP: 68/68 MP: 26/34
 17157 | Lair:5   | Reached skill level 5 in Dodging
 17346 | Lair:5   | Received a gift from Sif Muna
 17347 | Lair:5   | Got Sif Muna's Omnibus of Excruciating Position {god gift}
 17520 | Lair:5   | Found a viscous altar of Jiyva.
 17520 | Lair:5   | Found a staircase to the Slime Pits.
 17895 | Lair:5   | Found a hide-covered altar of Uskayaw.
 18037 | Lair:5   | Found the +8 Wrath of Trog {antimagic, *Rage Rampage}
 18044 | Lair:5   | Got the Codex of Limitation
 18326 | Orc:1    | Entered Level 1 of the Orcish Mines
 18339 | Orc:1    | Reached skill level 19 in Air Magic
 18462 | Orc:2    | Entered Level 2 of the Orcish Mines
 19011 | Orc:2    | Found a staircase to the Elven Halls.
 19351 | Orc:2    | Received a gift from Sif Muna
 19352 | Orc:2    | Got Nigunec's Vademecum on Beguiled Fog {god gift}
 19731 | Orc:2    | Found Xiapiwi's Magic Scroll Shoppe.
 19731 | Orc:2    | Found Lacwi's Antique Armour Shoppe.
 19745 | Orc:2    | Found Bugoplij's Antique Armour Shop.
 19745 | Orc:2    | Found Ottos's Book Shop.
 19756 | Orc:2    | Bought a book of Lightning for 504 gold pieces
 19763 | Orc:2    | Learned a level 6 spell: Plasma Beam
 19769 | Orc:2    | Learned a level 5 spell: Arcjolt
 19777 | Orc:2    | Bought a glowing scarf for 248 gold pieces
 20010 | Orc:2    | Found Nijuj's Weapon Shoppe.
 20100 | Orc:1    | Reached skill level 1 in Fire Magic
 20627 | D:11     | Found Wapu's Assorted Antiques.
 20635 | D:11     | Bought a potion of curing for 78 gold pieces
 20635 | D:11     | Bought a potion of heal wounds for 130 gold pieces
 20635 | D:11     | Bought a scroll labelled ICAXE UPOLUGG for 26 gold pieces
 20635 | D:11     | Bought a scroll labelled WUCZEF CEXEEPT for 26 gold pieces
 20635 | D:11     | Bought a scroll labelled AWE MOBEHIUHAR for 26 gold pieces
 20636 | D:11     | Identified a scroll of acquirement
 20637 | D:11     | Acquired the +2 hat "Vyess" {rC+ Will+ Str-5 SInv Stlth+}
 21330 | D:12     | Reached skill level 5 in Fire Magic
 22054 | D:13     | Noticed Lodul
 22059 | D:13     | Reached XP level 15. HP: 72/72 MP: 18/35
 22059 | D:13     | Killed Lodul
 22337 | D:13     | Received a gift from Sif Muna
 22338 | D:13     | Got Sif Muna's Grimoire of Wyrd {god gift}
 22988 | D:13     | Identified the +9 sling "Weadaapt" {freeze, rF++ rC+}
 23016 | D:14     | Found a gate to the Vaults.
 23301 | D:14     | Reached skill level 10 in Fire Magic
 23434 | D:14     | Reached skill level 20 in Air Magic
 23770 | D:14     | Found Etteqaac's Antique Armour Shop.
 23864 | D:15     | Entered Level 15 of the Dungeon
 23935 | D:15     | Found Eryikl Liure's Neck Hole.
 23939 | D:15     | Bought a scarf of resistance for 544 gold pieces
 24289 | D:15     | Found a runed translucent door.
 24289 | D:15     | Found a shimmering altar of Xom.
 24289 | D:15     | Noticed Ytoxtayn's ghost (adept CoBe)
 24979 | D:15     | Noticed Jorgrun
 24982 | D:15     | Killed Jorgrun
 25032 | D:15     | Found a staircase to the Depths.
 25250 | D:15     | Noticed Azrael
 25266 | D:15     | Received a gift from Sif Muna
 25268 | D:15     | Killed Azrael
 25270 | D:15     | Reached skill level 21 in Air Magic
 25327 | D:15     | Got Sif Muna's Handbook of Spells {god gift}
 25652 | Swamp:1  | Entered Level 1 of the Swamp
 25918 | Elf:1    | Entered Level 1 of the Elven Halls
 25927 | Elf:1    | Reached XP level 16. HP: 76/76 MP: 20/36
 26185 | Elf:1    | Reached skill level 15 in Conjurations
 26188 | Elf:1    | HP: 3/76 [deep elf annihilator/poison arrow (27)]
 26448 | Elf:1    | Paralysed by an air elemental for 1 turns
 26502 | Elf:1    | Slain by a +1 glaive of protection

Illustrated notes

Levels and vault maps discovered:
D:1:      dpeg_arrival_stone_temple_mockup, layout_basic, due_unseen_surprise
D:2:      layout_loops_corners
D:3:      layout_loops_corners
D:4:      layout_rooms, serial_shops, nicolae_shop_window_shopping,
          uniq_menkaure
D:5:      layout_gridville, minmay_temple_entry_trees, minmay_misc_feat_chi
D:6:      layout_loops_ring, trog_ov_bears_minmay
D:7:      layout_rooms, grunt_temple_overflow_opulence,
          mainiacjoe_overflow_alcove_4, st_stairs_4
D:8:      layout_basic, erik_lair_dragon
D:9:      layout_cave_pools, cheibriados_altar_1,
          mainiacjoe_overflow_catch_the_wave
D:10:     layout_basic, lightli_temple_of_fire, orc_0_dummy
D:11:     layout_loops_corners, serial_shops, shop, shop, shop, shop, shop
D:12:     layout_stronghold
D:13:     layout_stronghold, uniq_lodul
D:14:     layout_roguey, hellmonk_vaults_order_and_chaos, serial_shops, shop,
          minivault_11
D:15:     gammafunk_enter_depths_forms, layout_basic, ebering_ghost_xom,
          nicolae_kite_square_tiling_tiny, nicolae_shop_sticking_my_neck_out,
          uniq_jorgrun, uniq_azrael
Temple:   nicolae_temple_superstar
Lair:1:   layout_long_grid, serial_bayou_shore_b, serial_bayou_shore_b
Lair:2:   layout_loops_ring, alex1729_swamp_entry_worm_eleionoma,
          minmay_snake_entry_guardpost_small, minmay_lair_oklob_bushes,
          grunt_forest_stairs_clearing, grunt_megastairs_5, serial_bayou_shore_a
Lair:3:   layout_regular_city, st_stairs_10
Lair:4:   layout_hall_layers, dpeg_oklob_1, uniq_snorg, uniq_urug
Lair:5:   minmay_lair_end_frog_pond, layout_misc_corridors, slime_entry_1,
          minivault_25, lemuel_centaur_altar, lemuel_fruit_fields,
          serial_bayou_shore_b
Swamp:1:  layout_basic_swamp, evilmike_swamp_ruin_house_4, swamp_pool_5
Orc:1:    layout_caves
Orc:2:    st_orc_elflike, layout_caves, serial_shops, nicolae_shop_hallway_plus
Elf:1:    nicolae_elf_arrival_no_cutting_in_line, layout_rooms, serial_shops,
          shop, nicolae_shop_just_a_little_nook, shop,
          nicolae_shop_behind_doors, guppyfry_elf_altar, st_stairs_9, pf_eden,
          minmay_shop_grove

Skill      XL: |  1  2  3  4  5  6  7  8  9 10 11 12 13 14 15 16 |
---------------+-------------------------------------------------+-----
Conjurations   | 2 3 6 11 12 14 15 | 15.5
Spellcasting   | 3 4 5 7 9 11 12 15 16 | 16.0
Air Magic      | 5 7 9 12 14 16 18 19 21 | 21.7
Dodging        | 4 6 |  6.0
Fire Magic     | 6 10 | 10.0
Stealth        | |  2.0

Action                     |  1- 3 |  4- 6 |  7- 9 | 10-12 | 13-15 | 16-18 || total
---------------------------+-------+-------+-------+-------+-------+-------++-------
  Melee: Unarmed           |     2 |       |       |       |       |       ||     2
         Kick              |     1 |       |     6 |     8 |     9 |       ||    24
         Dagger            |       |       |    12 |    19 |     2 |       ||    33
         Peck              |       |       |     3 |     4 |     9 |       ||    16
         Staff             |       |       |       |       |    20 |       ||    20
  Throw: Dart              |       |       |       |       |     1 |       ||     1
   Cast: Shock             |    95 |    76 |   200 |   170 |    34 |       ||   575
         Static Discharge  |       |    11 |    39 |    50 |    19 |       ||   119
         Airstrike         |       |     2 |    15 |   218 |   384 |    14 ||   633
         Fulminant Prism   |       |       |       |    11 |    23 |    11 ||    45
         Iskenderun's Myst |       |       |       |       |    46 |     2 ||    48
         Plasma Beam       |       |       |       |       |   132 |    31 ||   163
         Arcjolt           |       |       |       |       |    14 |       ||    14
  Evoke: Wand              |       |       |     3 |     5 |     3 |       ||    11
         Phantom mirror    |       |       |       |       |     1 |       ||     1
    Use: Scroll            |       |       |       |    14 |     6 |     1 ||    21
         Potion            |       |       |       |     1 |       |     1 ||     2
   Stab: Paralysed         |       |       |     4 |    11 |       |       ||    15
 Armour: Robe              |    13 |    17 |    82 |       |       |       ||   112
         Steam dragon scal |       |       |    11 |    39 |       |       ||    50
         Troll leather arm |       |       |       |    91 |   126 |    20 ||   237
  Dodge: Dodged            |     6 |     4 |    67 |    77 |   201 |    18 ||   373

Table legend: (Time is in decaauts)
 A = Elapsed time spent in this place.
 B = Non-inter-level travel time spent in this place.
 C = Inter-level travel time spent in this place.
 D = Time resting spent in this place.
 E = Time spent auto-exploring this place.
 F = Levels seen in this place.
 G = Mean time per level.
                   A        B        C        D        E       F      G
               +--------+--------+--------+--------+--------+-----+--------+
         Total |  26533 |  24594 |   1939 |    881 |  19974 |  25 | 1061.3 |
       Dungeon |  16885 |  15685 |   1200 |    285 |  13473 |  15 | 1125.7 |
        Temple |     43 |     43 |      0 |     29 |      0 |   1 |   43.0 |
          Lair |   6943 |   6388 |    555 |    465 |   4778 |   5 | 1388.6 |
         Swamp |      6 |      6 |      0 |      0 |      0 |   1 |    6.0 |
  Orcish Mines |   2148 |   1970 |    178 |     62 |   1485 |   2 | 1074.0 |
   Elven Halls |    504 |    501 |      3 |     40 |    238 |   1 |  504.0 |
               +--------+--------+--------+--------+--------+-----+--------+

Top non-repeatable levels by time:
  Lair:2: 1720 daAuts
     D:8: 1718 daAuts
   Orc:2: 1611 daAuts
    D:15: 1513 daAuts
  Lair:4: 1428 daAuts
  Lair:1: 1420 daAuts
     D:5: 1407 daAuts
     D:3: 1331 daAuts
  Lair:5: 1271 daAuts
     D:1: 1146 daAuts
    D:13: 1123 daAuts
  Lair:3: 1103 daAuts
    D:12: 1089 daAuts
     D:9: 1077 daAuts
     D:2: 1069 daAuts
